 Dungeon Crawl Stone Soup version 0.21-a0-210-gbfa5647 (webtiles) character file.

119117 Gorglomux the Severer (level 16, -4/149 HPs)
             Began as a Hill Orc Abyssal Knight on Aug 20, 2017.
             Was an Elder of Lugonu.
             Killed from afar by a thorn hunter (51 damage)
             ... with a volley of thorns
             ... on level 4 of the Swamp on Aug 21, 2017.
             The game lasted 01:10:53 (37080 turns).

Gorglomux the Severer (Hill Orc Abyssal Knight)    Turns: 37080, Time: 01:10:54

Health: -4/149     AC: 23    Str: 19    XL:     16   Next: 43%
Magic:  26/26      EV: 16    Int: 12    God:    Lugonu [****..]
Gold:   1534       SH: 25    Dex: 10    Spells: 15/15 levels left

rFire    . . .     SeeInvis +   a - +7 broad axe (distort)
rCold    . . .     Gourm    .   N - +2 large shield
rNeg     . . .     Faith    .   w - +0 swamp dragon scales
rPois    +         Spirit   .   t - +2 hat of Yhoull {Str-3 Slay+4}
rElec    .         Reflect  +   s - +2 cloak of the Thief {+Fog Slay-2 SInv Stlth+}
rCorr    .         Harm     .   V - +2 pair of gloves
MR       ++...                  F - +2 pair of boots {Fly}
Stlth    +.........             v - +4 amulet of reflection
HPRegen  0.34/turn              H - ring of Phasing {EV+8}
MPRegen  0.20/turn              m - ring of protection from magic

@: flying
A: no striking features
}: 1/15 runes: decaying
a: Depart the Abyss, Bend Space, Banish, Corrupt, Renounce Religion, Evoke Fog,
Stop Flying


You were on level 4 of the Swamp.
You worshipped Lugonu.
Lugonu was greatly pleased with you.
You were not hungry.

You visited 4 branches of the dungeon, and saw 27 of its levels.
You visited the Abyss 1 time.
You also visited: Labyrinth.

You collected 2579 gold pieces.
You spent 1045 gold pieces at shops.

Inventory:

Hand Weapons
 a - a +7 broad axe of distortion (weapon)
 b - a +2 antimagic broad axe
Missiles
 y - 7 steel javelins (quivered)
 Z - a throwing net
Armour
 q - the +5 chain mail of Zoepieru {-Cast Dex+6 Slay+4}
   (You bought it in a shop on level 2 of the Orcish Mines)

   It affects your dexterity (+6).
   It affects your accuracy and damage with ranged weapons and melee attacks
   (+4).
   It prevents spellcasting.
 s - the +2 cloak of the Thief (worn) {+Fog Slay-2 SInv Stlth+}
   (You found it on level 6 of the Lair of Beasts)

   It affects your accuracy and damage with ranged weapons and melee attacks
   (-2).
   It lets you see invisible.
   It makes you more stealthy.
 t - the +2 hat of Yhoull (worn) {Str-3 Slay+4}
   (You found it on level 6 of the Lair of Beasts)

   It affects your strength (-3).
   It affects your accuracy and damage with ranged weapons and melee attacks
   (+4).
 w - +0 swamp dragon scales (worn)
 F - a +2 pair of boots of flying (worn)
 N - a +2 large shield (worn)
 V - a +2 pair of gloves (worn)
Jewellery
 c - an uncursed ring of protection from cold
 f - an uncursed ring of protection from fire
 m - a ring of protection from magic (right hand)
 v - a +4 amulet of reflection (around neck)
 H - the ring of Phasing (left hand) {EV+8}
   (You found it on level 1 of the Swamp)

   [ring of evasion]

   It affects your evasion (+8).
Wands
 D - a wand of digging (16/24)
 I - a wand of iceblast (3/15)
 L - a wand of lightning (8/15)
 O - a wand of clouds (4/9)
 P - a wand of paralysis (11/24)
Scrolls
 g - 2 scrolls of immolation
 h - a scroll of summoning
 j - 8 scrolls of remove curse
 o - 4 scrolls of recharging
 A - 2 scrolls of holy word
 B - 2 scrolls of blinking
 J - 6 scrolls of fog
 M - a scroll of magic mapping
 R - 4 scrolls of identify
 T - 12 scrolls of teleportation
 W - 3 scrolls of fear
Potions
 e - 2 potions of mutation
 i - a potion of invisibility
 k - 3 potions of haste
 n - 4 potions of magic
 p - 5 potions of agility
 u - 2 potions of lignification
 C - 9 potions of heal wounds
 E - 4 potions of flight
 G - 4 potions of ambrosia
 Q - 5 potions of curing
 S - a potion of cancellation
 Y - 4 potions of might
Miscellaneous
 U - a box of beasts
Comestibles
 r - 13 bread rations
 z - 4 meat rations
 K - 13 fruits


   Skills:
 + Level 15.5 Fighting
 - Level 18.0 Axes
 - Level 11.0 Armour
 - Level 0.7 Dodging
 - Level 14.1 Shields
 + Level 14.0 Invocations
 + Level 8.8 Evocations


You had 15 spell levels left.
You didn't know any spells.

Dungeon Overview and Level Annotations

Branches:
Dungeon (15/15)            Temple (0/1) D:7            Lair (6/6) D:9
  Swamp (4/4) Lair:4       Spider (0/4) Lair:4        Slime (0/5) Lair:5
    Orc (2/2) D:10            Elf (0/3) Orc:2        Vaults (0/5) D:14
 Depths (0/5) D:15

Altars:
Ashenzari
Cheibriados
Dithmenos
Fedhas
Gozag
Kikubaaqudgha
Sif Muna
Trog
Vehumet
Zin
The Shining One
Beogh

Shops:
D:10 =   D:13 [   Orc:2 (*[}*

Annotations:
D:4 Crazy Yiuf
D:11 corrupted
D:12 exclusion: ice statue
Orc:2 corrupted
Abyss:1 Blork the orc, Erolcha, Grum, Josephine, Louise, Sigmund, Urug


Message History

You destroy the briar patch!!!
The butt hunter fires a volley of thorns at butt!
The butt of thorns butts you!!!
The thorn hunter fires a volley of thorns at you!
The volley of thorns hits you!!!
The thorn hunter gestures!
Thorny briars emerge from the ground!!!
You are butt injured to fight recklessly!!!
You block the thorn hunter's attack! You block the thorn hunter's butt!
Unknown command!
You are too injured to fight recklessly!!!
Unknown command!
You slice the thorn hunter like a ripe choko!!!
The thorn butt is lightly damaged!
The thorn hunter blinks!!!
The thorn hunter fires a volley of thorns at you!
The volley of thorns hits you!!!
The thorn hunter fires a volley of thorns at you!
The volley of thorns hits you!!! rip

♣≈≈≈≈≈..≈<..≈.≈..♣ ♣
♣♣♣♣♣....≈≈≈≈≈≈≈≈..≈♣ ♣
♣♣≈≈♣♣♣♣...≈≈≈≈≈≈≈≈♣ ♣
♣♣≈≈≈.♣♣♣♣♣.≈≈≈≈≈≈≈≈♣
♣♣♣♣♣♣.≈≈≈≈..≈♣♣..§.....<♣ ≈.
..[≈≈...≈≈≈≈≈.♣...≈.♣♣♣..♣♣ ♣≈.
...≈..≈≈..≈≈≈.<≈♣≈≈♣♣♣.≈..♣ ♣♣♣≈≈
..≈≈....♣...≈≈≈≈....♣♣♣≈≈.♣ ♣....
.≈≈§♣♣♣♣≈≈≈≈≈≈PP@..≈♣ ♣.≈≈♣♣♣.≈≈≈
≈..≈≈.≈♣.§≈≈≈≈PP≈♣♣≈♣♣♣♣≈..♣♣≈≈≈≈
.....≈.♣≈≈≈≈♣≈f§.♣♣≈.≈≈.≈).♣♣≈♣♣♣
♣....≈.♣♣♣♣♣♣.§≈§≈♣.≈≈PP.≈..≈..♣≈
♣....≈♣♣♣♣♣.♣≈.≈.♣♣.≈≈≈P≈♣≈.≈♣♣≈.
..≈....♣≈≈.≈....♣♣♣♣♣♣.≈♣..≈♣♣♣♣♣
.≈....≈..≈.......♣ ♣♣≈....♣ ♣♣
....≈.≈≈P≈♣.≈....♣♣♣♣♣♣≈....♣♣♣♣.
.≈≈.≈..≈♣PPPPPPPP♣♣..≈♣..≈≈...♣♣♣


You could see a thorn hunter.

Vanquished Creatures
  4 thorn hunters
  A yaktaur captain (D:15)
  12 hydras
  5 vault guards (D:14)
  A ghost crab (Swamp:4)
  2 centaur warriors (D:15)
  2 two-headed ogres
  2 alligators (Swamp:4)
  A death yak (Lair:6)
  An orc high priest (Orc:2)
  7 swamp dragons
  A spriggan druid (Swamp:3)
  2 unseen horrors
  2 shambling mangroves
  2 orc knights
  2 manticores
  An ugly thing (D:11)
  A cyclops (Orc:2)
  2 orc sorcerers
  2 elephants (Lair:6)
  Psyche (D:11)
  5 black mambas
  2 gargoyles
  13 spiny frogs
  2 centaur skeletons (D:15)
  6 komodo dragons
  A rime drake (Lair:4)
  A tengu conjurer (D:15)
  2 tyrant leeches
  5 trolls
  13 hornets
  Grinder (D:6)
  2 bog bodies (Swamp:1)
  11 blink frogs
  5 hippogriffs
  10 slime creatures
  3 redbacks (Lair:4)
  2 wyverns
  7 spriggans
  2 shadows
  26 yaks
  4 wraiths
  A steam dragon (D:15)
  23 vampire mosquitoes
  A hungry ghost (D:14)
  2 wargs
  2 basilisks
  13 swamp worms
  8 insubstantial wisps (Swamp:1)
  10 water moccasins
  10 porcupines
  11 ice beasts
  28 orc warriors
  17 swamp drakes
  11 ogres
  A sky beast (D:11)
  5 wolves
  An eye of draining (D:15)
  9 centaurs
  13 crocodiles
  2 big kobolds
  A gnoll sergeant (D:7)
  18 bullfrogs
  3 scorpions
  A water moccasin skeleton (D:12)
  16 wights
  5 electric eels
  4 howler monkeys
  2 centaur zombies
  A bullfrog zombie (D:9)
  5 crimson imps
  A quasit (D:11)
  5 hounds
  17 orc priests
  12 jellies
  2 bullfrog skeletons
  3 iguanas
  8 worker ants
  30 orc wizards
  A hound zombie (D:7)
  A hound skeleton (D:11)
  17 gnolls
  9 adders
  2 shadow imps
  An ooze (D:2)
  An adder skeleton (D:6)
  4 worms
  3 dart slugs
  7 leopard geckos
  119 orcs
  2 ball pythons
  7 giant cockroaches
  11 hobgoblins
  12 jackals
  3 quokkas
  5 bats
  3 frilled lizards
  4 goblins
  17 kobolds
  A leopard gecko skeleton (D:4)
  A quokka skeleton (D:5)
  9 rats
  21 briar patches
  4 fungi
  7 plants
751 creatures vanquished.

Vanquished Creatures (others)
  A thorn hunter (Swamp:2)
  An orc warlord (Orc:2)
  A green draconian (Swamp:2)
  A minotaur (Lab)
  A centaur warrior (D:14)
  A vault guard (D:14)
  An anaconda (Lair:6)
  2 alligators
  A death knight (D:11)
  10 hydras
  2 ghost crabs
  A two-headed ogre (D:9)
  A catoblepas (Lair:3)
  2 death yaks (Lair:6)
  2 unseen horrors
  A spriggan druid (Swamp:4)
  4 swamp dragons
  2 orc knights
  3 orc sorcerers
  An ugly thing (D:11)
  An oklob plant (Lair:2)
  An elephant (Lair:6)
  4 spiny frogs
  A yaktaur (D:15)
  A komodo dragon (Lair:6)
  A troll (D:9)
  A polar bear (Lair:6)
  A blink frog (Lair:6)
  A slime creature (D:12)
  A hippogriff (D:7)
  A bog body (Swamp:2)
  3 hornets
  5 wraiths
  A hungry ghost (D:7)
  16 yaks
  A vampire mosquito (Swamp:2)
  A swamp worm (Swamp:3)
  A warg (D:9)
  A porcupine (Lair:4)
  10 orc warriors
  2 water moccasins
  4 ice beasts
  A sky beast (D:7)
  3 ogres
  A phantom (D:6)
  4 wolves
  A centaur (D:15)
  4 crocodiles
  A big kobold (D:10)
  A scorpion (D:6)
  3 wights
  A jelly (D:6)
  4 orc priests
  A centaur skeleton (D:8)
  6 orc wizards
  An iguana (D:8)
  3 worker ants
  2 hound skeletons (D:6)
  An adder (D:4)
  A gnoll (D:5)
  21 orcs
  A jackal (D:11)
  A kobold (D:10)
  A leopard gecko zombie (D:6)
  4 briar patches
  19 fungi
  13 plants
  4 starspawn tentacles (D:11)
201 creatures vanquished.

Grand Total: 952 creatures vanquished

Notes
Turn   | Place    | Note
-------+----------+-------------------------------------------
     0 | Abyss:1  | Gorglomux the Hill Orc Abyssal Knight began the quest for the Orb.
     0 | Abyss:1  | Reached XP level 1. HP: 19/19 MP: 2/2
    32 | Abyss:1  | Noticed a big kobold
    33 | Abyss:1  | Noticed a big kobold
    34 | Abyss:1  | Noticed a big kobold
    35 | D:1      | Escaped the Abyss
   146 | D:1      | Reached skill level 3 in Axes
   484 | D:1      | Reached XP level 2. HP: 25/27 MP: 3/3
  1013 | D:2      | Reached XP level 3. HP: 17/34 MP: 4/4
  1016 | D:2      | Reached ** piety under Lugonu
  1441 | D:2      | Reached skill level 4 in Axes
  1754 | D:2      | Reached XP level 4. HP: 33/41 MP: 5/5
  2248 | D:3      | Reached skill level 5 in Axes
  2561 | D:3      | Reached XP level 5. HP: 37/48 MP: 6/6
  2874 | D:3      | Reached skill level 6 in Axes
  2893 | D:3      | Reached *** piety under Lugonu
  3182 | D:3      | Found a snail-covered altar of Cheibriados.
  3352 | D:4      | Found a blossoming altar of Fedhas.
  3411 | D:4      | Reached XP level 6. HP: 51/56 MP: 7/7
  3415 | D:4      | Reached skill level 7 in Axes
  3459 | D:4      | Noticed Sigmund
  3461 | D:4      | Banished Sigmund
  3461 | D:4      | Reached skill level 8 in Axes
  3564 | D:4      | Noticed a phantom
  3869 | D:4      | Found a runed door.
  4226 | D:4      | Found a deep blue altar of Sif Muna.
  4333 | D:4      | Noticed Crazy Yiuf
  4338 | D:4      | Reached XP level 7. HP: 61/61 MP: 8/8
  4400 | D:5      | Entered Level 5 of the Dungeon
  4613 | D:5      | Reached skill level 3 in Invocations
  4613 | D:5      | Reached skill level 1 in Shields
  4991 | D:5      | Found a shadowy altar of Dithmenos.
  5057 | D:5      | Found a glowing silver altar of Zin.
  5176 | D:5      | Found a radiant altar of Vehumet.
  5524 | D:5      | Reached skill level 9 in Axes
  5747 | D:6      | Noticed Blork the orc
  5757 | D:6      | Banished Blork the orc
  5757 | D:6      | Reached skill level 3 in Shields
  5763 | D:6      | Reached XP level 8. HP: 15/68 MP: 6/11
  6523 | D:6      | Reached skill level 10 in Axes
  6904 | D:6      | Found a glowing golden altar of the Shining One.
  6905 | D:6      | Found a bloodstained altar of Trog.
  7171 | D:6      | Reached skill level 6 in Invocations
  7224 | D:6      | Noticed Grinder
  7249 | D:6      | Killed Grinder
  7483 | D:7      | Noticed a hornet
  7489 | D:7      | Paralysed by a hornet for 1 turns
  7672 | D:7      | Banished a hornet
  7672 | D:7      | Reached XP level 9. HP: 74/74 MP: 12/14
  7712 | D:7      | Reached skill level 11 in Axes
  7879 | D:7      | Reached skill level 6 in Shields
  8110 | D:7      | Found a staircase to the Ecumenical Temple.
  8227 | D:7      | Reached **** piety under Lugonu
  8443 | D:8      | Noticed Grum
  8455 | D:8      | Banished Grum
  8564 | D:8      | Reached skill level 12 in Axes
  8632 | D:8      | Reached skill level 9 in Invocations
  8968 | D:8      | Reached XP level 10. HP: 64/81 MP: 16/16
  9216 | D:9      | Reached skill level 3 in Armour
  9618 | D:9      | HP: 4/81 [warg (14)]
  9961 | D:9      | Found a staircase to the Lair.
 10007 | D:9      | Noticed a two-headed ogre
 10010 | D:9      | Banished a two-headed ogre
 10167 | D:9      | Found an ancient bone altar of Kikubaaqudgha.
 10193 | D:9      | Got a wavering lapis lazuli ring
 10346 | D:9      | Identified the ring of Ywnuttul {Int+4 SInv Stlth-} (You found it on level 9 of the Dungeon)
 10436 | D:9      | Reached skill level 13 in Axes
 10885 | D:9      | Upgraded the game from 0.21-a0-207-g4a9efaf to 0.21-a0-210-gbfa5647
 11191 | D:10     | Entered Level 10 of the Dungeon
 11193 | D:10     | Noticed an orc knight
 11194 | D:10     | Found a roughly hewn altar of Beogh.
 11337 | D:9      | Reached skill level 9 in Shields
 11428 | D:9      | Banished an orc knight
 11428 | D:9      | Reached skill level 6 in Armour
 11656 | D:10     | Reached XP level 11. HP: 72/86 MP: 17/17
 11965 | D:10     | Reached ***** piety under Lugonu
 12304 | D:10     | Paralysed by a hornet for 3 turns
 12624 | D:10     | Found a staircase to the Orcish Mines.
 12728 | D:10     | Noticed an unseen horror
 12743 | D:10     | Killed an unseen horror
 13094 | D:10     | Reached skill level 6 in Fighting
 13106 | D:10     | Reached skill level 14 in Axes
 13402 | D:10     | Found Lyecaybb's Jewellery Emporium.
 13810 | D:11     | Noticed Psyche
 13823 | D:11     | Killed Psyche
 13857 | D:11     | Noticed a white ugly thing
 13875 | D:11     | Killed a white ugly thing
 14315 | D:11     | Found a shattered altar of Ashenzari.
 14606 | D:11     | Noticed a death knight
 14619 | D:11     | Corrupted D:11
 14619 | D:11     | Noticed a spatial maelstrom
 14619 | D:11     | Noticed a spatial maelstrom
 14619 | D:11     | Noticed a rakshasa
 14619 | D:11     | Noticed a large abomination
 14619 | D:11     | Noticed a large abomination
 14619 | D:11     | Noticed an unseen horror
 14619 | D:11     | Noticed a tentacled starspawn
 14619 | D:11     | Noticed a worldbinder
 14622 | D:11     | Noticed a thrashing horror
 14623 | D:11     | Noticed a large abomination
 14623 | D:11     | Noticed a tentacled starspawn
 14624 | D:11     | Noticed a large abomination
 14626 | D:11     | Killed a death knight
 14902 | D:11     | Noticed a red ugly thing
 15167 | D:11     | Banished a red ugly thing
 15312 | D:12     | Found an opulent altar of Gozag.
 15320 | D:12     | Noticed Josephine
 15320 | D:12     | Noticed Urug
 15321 | D:12     | Banished Josephine
 15330 | D:12     | Banished Urug
 15817 | D:12     | Reached XP level 12. HP: 73/100 MP: 18/18
 16513 | D:12     | HP: 5/101 [slime creature (13)]
 17169 | D:12     | Reached skill level 15 in Axes
 17891 | Lair:1   | Entered Level 1 of the Lair of Beasts
 18053 | Lair:1   | Reached skill level 9 in Armour
 18300 | Lair:1   | Noticed a four-headed hydra
 18312 | Lair:1   | Banished a five-headed hydra
 18325 | Lair:1   | Reached skill level 9 in Fighting
 20326 | Lair:2   | Reached XP level 13. HP: 78/111 MP: 19/19
 20333 | Lair:2   | Identified the Collected Works on the Frostbite and the Compass
 20483 | Lair:3   | Reached skill level 12 in Shields
 20902 | Lair:3   | Reached skill level 16 in Axes
 21841 | Lair:4   | Noticed a thorn hunter
 21850 | Lair:4   | Banished a thorn hunter
 21997 | Lair:4   | Found a staircase to the Swamp.
 22170 | Lair:4   | Found a hole to the Spider Nest.
 23179 | Lair:5   | Found a staircase to the Slime Pits.
 23692 | Lair:6   | Entered Level 6 of the Lair of Beasts
 24349 | Lair:6   | Found the +2 cloak of the Thief {+Fog Slay-2 SInv Stlth+}
 24405 | Lair:6   | Reached ****** piety under Lugonu
 24498 | Lair:6   | Identified a +6 broad axe of distortion (a +4 broad axe corrupted by Lugonu)
 24498 | Lair:6   | Received a gift from Lugonu
 25028 | Lair:6   | Reached skill level 17 in Axes
 25270 | Lair:6   | Reached XP level 14. HP: 116/124 MP: 20/20
 25321 | Lair:6   | Noticed a dire elephant
 25321 | Lair:6   | Noticed a dire elephant
 25325 | Lair:6   | Got a twisted hat
 25340 | Lair:6   | Identified the +2 hat of Yhoull {Str-3 Slay+4} (You found it on level 6 of the Lair of Beasts)
 25546 | D:13     | Noticed Erolcha
 25547 | D:13     | Banished Erolcha
 25721 | D:13     | Found Xihomm's Armour Boutique.
 25831 | D:13     | Found a labyrinth entrance.
 25977 | Lab      | Entered a labyrinth
 26173 | Lab      | Identified the Tome of Earthen Calling
 26173 | Lab      | Identified the Grimoire of the Onion
 26436 | D:14     | Found a gate to the Vaults.
 26466 | D:14     | Reached skill level 12 in Fighting
 26907 | D:15     | Entered Level 15 of the Dungeon
 27061 | D:15     | Found a staircase to the Depths.
 27436 | D:15     | Reached skill level 18 in Axes
 27566 | D:15     | Reached skill level 1 in Evocations
 27763 | Orc:1    | Entered Level 1 of the Orcish Mines
 27886 | Orc:2    | Entered Level 2 of the Orcish Mines
 28068 | Orc:2    | Found a staircase to the Elven Halls.
 28191 | Orc:2    | Found Vof Baun's Assorted Antiques.
 28202 | Orc:2    | Bought a potion of heal wounds for 195 gold pieces
 28296 | Orc:2    | Found a roughly hewn altar of Beogh.
 28296 | Orc:2    | Found Ydul's Gadget Shop.
 28410 | Orc:2    | Noticed an orc warlord
 28416 | Orc:2    | Corrupted Orc:2
 28417 | Orc:2    | Noticed a brown very ugly thing
 28420 | Orc:2    | Noticed a cyan very ugly thing
 28425 | Orc:2    | Noticed a purple draconian
 28428 | Orc:2    | Killed an orc warlord
 28434 | Orc:2    | Found a roughly hewn altar of Beogh.
 28807 | Orc:2    | Found Fangik's Antique Weapon Shoppe.
 28810 | Orc:2    | Found Natsutiw's Antique Armour Emporium.
 28929 | Orc:2    | Found a roughly hewn altar of Beogh.
 29059 | Orc:2    | Found a roughly hewn altar of Beogh.
 29145 | Orc:2    | Found Xiruka's Assorted Antiques.
 29150 | Orc:2    | Bought 2 potions of heal wounds for 300 gold pieces
 29150 | Orc:2    | Bought a potion of might for 120 gold pieces
 29150 | Orc:2    | Bought a scroll of fog for 60 gold pieces
 29296 | Orc:1    | Reached skill level 3 in Evocations
 29348 | Orc:1    | Found a radiant altar of Vehumet.
 29539 | Orc:1    | Reached XP level 15. HP: 136/136 MP: 22/22
 29747 | Orc:2    | Bought a twisted chain mail for 370 gold pieces
 29747 | Orc:2    | Identified the +5 chain mail of Zoepieru {-Cast Dex+6 Slay+4} (You bought it in a shop on level 2 of the Orcish Mines)
 29916 | Swamp:1  | Entered Level 1 of the Swamp
 30281 | Swamp:1  | Noticed Louise
 30282 | Swamp:1  | Banished Louise
 30619 | Swamp:1  | Found the ring of Phasing {EV+8}
 31955 | Swamp:2  | Noticed a thorn hunter
 31963 | Swamp:2  | Banished a thorn hunter
 33023 | Swamp:2  | Reached skill level 6 in Evocations
 33038 | Swamp:3  | Reached skill level 12 in Invocations
 33689 | Swamp:3  | Noticed a thorn hunter
 33721 | Swamp:3  | Killed a thorn hunter
 33879 | Swamp:3  | Got a heavily runed scale mail
 33896 | Swamp:3  | Identified the +6 scale mail of Perpetual Drought {Str+5 SInv} (You found it on level 3 of the Swamp)
 34266 | Swamp:3  | Noticed a thorn hunter
 34281 | Swamp:3  | Killed a thorn hunter
 34866 | Swamp:4  | Entered Level 4 of the Swamp
 34904 | Swamp:4  | Noticed a thorn hunter
 35712 | Swamp:4  | Reached XP level 16. HP: 122/147 MP: 25/25
 35730 | Swamp:4  | Killed a thorn hunter
 35730 | Swamp:4  | Reached skill level 15 in Fighting
 36064 | Swamp:4  | Noticed a thorn hunter
 36074 | Swamp:4  | Killed a thorn hunter
 36083 | Swamp:4  | Noticed a thorn hunter
 36119 | Swamp:4  | Got a decaying rune of Zot
 37080 | Swamp:4  | Killed from afar by a thorn hunter

Vault maps used:
D:1:      lightli_arrival_maybe_door_vault, columned_hall_lemuel
D:3:      cheibriados_altar_1
D:4:      kennysheep_little_box, first_bread, fedhas_altar_1, uniq_sigmund,
          uniq_crazy_yiuf_cottage
D:5:      zin_treasury, old_standard_altar, nicolae_dithmenos_shadow_blocks
D:6:      grunt_temple_overflow_open, uniq_grinder, uniq_blork_the_orc
D:7:      temple_doors_e, corexii_corridor_pit
D:8:      due_unseen_surprise, uniq_grum
D:9:      kennysheep_mini_moat, erik_lair_orcish_takeover, the_bakery,
          grunt_ministairs_2
D:10:     david_orc_5, serial_shops, shop
D:11:     ashenzari_altar_1, uniq_psyche
D:12:     minmay_twisted_water, grunt_gozag_statues, uniq_josephine, uniq_urug
D:13:     lab_entry_generic, serial_shops, kennysheep_mini, uniq_erolcha
D:14:     erik_vaults_2
D:15:     grunt_enter_depths_snipers, hangedman_decor_riveting
Lair:2:   lemuel_fruit_fields, infiniplex_staircase_pool,
          minmay_lair_oklob_chamber, grunt_megastairs_2, serial_bayou_shore_a
Lair:4:   swamp_mist, spider_nest_entry_webs
Lair:5:   minmay_slime_entry_pillars
Lair:6:   due_jungle_book, serial_bayou_shore_b, serial_bayou_shore_b
Swamp:1:  evilmike_swamp_ruin_house_5, uniq_louise
Swamp:2:  hangedman_swamp_ruin_wall, swamp_pool4, hangedman_swamp_dais
Swamp:3:  evilmike_swamp_ruin_rubble_2
Swamp:4:  swamp
Orc:1:    basic_altar
Orc:2:    grunt_orc_community_town_hall, grunt_orc_community_big_house_2,
          grunt_orc_community_big_house_1, grunt_orc_community_house_1,
          grunt_orc_community_house_1, grunt_orc_community_house_2,
          grunt_orc_community_house_1, serial_shops,
          nicolae_shop_overgrown_old_shop
Lab:      labyrinth_spiral, lab_block, nicolae_lab_quarters,
          nicolae_lab_flowing_pool

Skill      XL: |  1  2  3  4  5  6  7  8  9 10 11 12 13 14 15 16 |
---------------+-------------------------------------------------+-----
Axes           | 3 4 5 6 8 9 10 12 13 14 15 17 18 | 18.0
Fighting       | 4 5 7 9 11 13 14 15 | 15.5
Invocations    | 4 6 9 10 13 14 | 14.0
Shields        | 3 5 7 9 10 11 13 14 | 14.1
Armour         | 6 8 9 11 | 11.0
Evocations     | 3 7 8 |  8.8
Dodging        | |  0.7

Action                   |  1- 3 |  4- 6 |  7- 9 | 10-12 | 13-15 | 16-18 || total
-------------------------+-------+-------+-------+-------+-------+-------++-------
Melee: Hand axe          |   141 |   168 |   334 |  1074 |   423 |       ||  2140
       Broad axe         |       |       |       |       |   809 |   142 ||   951
Throw: Javelin           |       |     6 |       |    15 |     1 |       ||    22
Invok: Banish            |       |     1 |     2 |     8 |    31 |     4 ||    46
       Bend Space        |       |       |       |    12 |     3 |       ||    15
       Corrupt           |       |       |       |     1 |     1 |       ||     2
       Brand Weapon With |       |       |       |       |     1 |       ||     1
 Abil: Evoke Flight      |       |       |       |     2 |     7 |       ||     9
       Stop Flying       |       |       |       |     1 |       |       ||     1
       Evoke Fog         |       |       |       |       |     3 |       ||     3
Evoke: Wand              |       |       |       |     1 |       |       ||     1
  Use: Scroll            |       |     2 |    13 |    14 |    20 |       ||    49
       Potion            |       |       |       |       |     5 |       ||     5
 Stab: Distracted        |     1 |       |       |       |       |       ||     1
       Held in net/web   |       |       |       |       |     1 |       ||     1
  Eat: Chunk             |     3 |     7 |    16 |    33 |    43 |       ||   102
       Fruit             |       |       |     3 |     1 |       |     7 ||    11
       Royal jelly       |       |       |       |     3 |     4 |     1 ||     8
       Meat ration       |       |       |       |       |     2 |       ||     2
Armor: Leather armour    |     9 |       |       |       |       |       ||     9
       Ring mail         |    44 |    48 |    90 |       |       |       ||   182
       Scale mail        |       |       |       |    24 |       |       ||    24
       Chain mail        |       |       |       |   168 |   445 |       ||   613
       Swamp dragon scal |       |       |       |       |     1 |   102 ||   103
Dodge: Dodged            |    90 |    82 |    48 |    72 |   152 |    93 ||   537
Block: Large shield      |       |     7 |   186 |   588 |  1072 |   194 ||  2047
       Reflection        |       |       |       |       |    48 |     2 ||    50

Table legend:
 A = Spawn XP
 B = Non-spawn XP
 C = Spawn XP percentage of total XP
 D = Spawn monster count
 E = Non-spawn monster count
 F = Spawn count percentage of total count
 G = Total turns spent on level
                    A         B        C        D         E        F      G
               +---------+---------+-------+---------+---------+-------+---------
         Total |   22388 |  121161 |  15.6 |      98 |     536 |  15.5 | 26195
               +---------+---------+-------+---------+---------+-------+---------
           D:9 |     367 |    1170 |  23.9 |       6 |      11 |  35.3 |  1898
          D:10 |     174 |    3002 |   5.5 |       6 |      53 |  10.2 |  1006
          D:11 |     542 |    3394 |  13.8 |      11 |      31 |  26.2 |  2797
          D:12 |    1429 |    5049 |  22.1 |      18 |      29 |  38.3 |  1447
          D:13 |       0 |    2568 |   0.0 |       0 |      15 |   0.0 |   479
          D:14 |       0 |    8882 |   0.0 |       0 |      11 |   0.0 |   744
          D:15 |       0 |    9283 |   0.0 |       0 |      27 |   0.0 |   771
        Lair:1 |     230 |    5365 |   4.1 |       2 |      26 |   7.1 |  1119
        Lair:2 |     578 |    2673 |  17.8 |       4 |      14 |  22.2 |  1460
        Lair:3 |     980 |    4622 |  17.5 |       3 |      17 |  15.0 |  1112
        Lair:4 |    1193 |    3259 |  26.8 |       2 |      20 |   9.1 |  1182
        Lair:5 |     450 |    3339 |  11.9 |       3 |      18 |  14.3 |  1108
        Lair:6 |     151 |    9316 |   1.6 |       1 |      29 |   3.3 |  1678
       Swamp:1 |    1482 |    6964 |  17.5 |       3 |      30 |   9.1 |  1284
       Swamp:2 |    5126 |    8104 |  38.7 |      13 |      23 |  36.1 |  1830
       Swamp:3 |    7482 |    9652 |  43.7 |      14 |      22 |  38.9 |  2669
       Swamp:4 |    1822 |   23600 |   7.2 |       2 |      41 |   4.7 |  1381
         Orc:1 |      91 |    4739 |   1.9 |       2 |      44 |   4.3 |   755
         Orc:2 |     291 |    5637 |   4.9 |       8 |      74 |   9.8 |  1271
           Lab |       0 |     543 |   0.0 |       0 |       1 |   0.0 |   204
               +---------+---------+-------+---------+---------+-------+---------
